 Dungeon Crawl Stone Soup version 0.25.1-9-gc5326a611f (webtiles) character file.

Game seed: 2297626202565687053

507 Gynju the Chiller (level 6, -1/47 HPs)
             Began as a Demigod Ice Elementalist on Feb 21, 2021.
             Slain by an ice beast (5 damage)
             ... on level 6 of the Dungeon.
             The game lasted 00:10:13 (5760 turns).

Gynju the Chiller (Demigod Ice Elementalist)        Turns: 5760, Time: 00:10:14

Health: -1/47      AC:  3    Str: 11    XL:     6   Next: 65%
Magic:  16/16      EV: 13    Int: 29    God:
Gold:   302        SH:  0    Dex: 16    Spells: 11/15 levels left

rFire    . . .     SeeInvis .   r - +2 short sword (vamp)
rCold    + . .     Gourm    .   (no shield)
rNeg     . . .     Faith    .   o - +0 robe
rPois    .         Spirit   .   u - +1 hat
rElec    .         Reflect  .   f - scarf {repulsion}
rCorr    .         Harm     .   (no gloves)
MR       .....                  (no boots)
Stlth    ++........             (no amulet)
HPRegen  0.15/turn              g - ring of protection from cold
MPRegen  0.15/turn              p - +6 ring of intelligence

@: repel missiles
A: high mp 1
a: no special abilities


You were on level 6 of the Dungeon.
You were hungry.

You visited 1 branch of the dungeon, and saw 6 of its levels.

You collected 302 gold pieces.

Inventory:

Hand Weapons
 k - a +0 rapier
 r - a +2 vampiric short sword (weapon)
Missiles
 e - 145 stones (quivered)
Armour
 f - a scarf of repulsion (worn)
 o - a +0 robe (worn)
 u - a +1 hat (worn)
Jewellery
 g - a ring of protection from cold (left hand)
 p - a +6 ring of intelligence (right hand)
 q - an uncursed ring of fire
 x - an uncursed ring of flight {unknown}
Scrolls
 a - 5 scrolls of identify {unknown}
 b - 4 scrolls of remove curse {unknown}
 i - 2 scrolls of magic mapping {unknown}
 m - a scroll of enchant weapon {unknown}
 n - a scroll of immolation {unknown}
 s - 2 scrolls of teleportation {unknown}
 t - a scroll of holy word {unknown}
Potions
 d - 3 potions of curing {unknown}
 h - a potion of mutation {unknown}
 j - a potion of haste {unknown}
 l - a potion of lignification {unknown}
 v - a potion of flight {unknown}
 w - 2 potions of cancellation {unknown}
Comestibles
 c - 9 rations


   Skills:
 + Level 1.0 Fighting
 + Level 2.3 Dodging
 + Level 2.4 Stealth
 - Level 5.0 Spellcasting
 - Level 5.0 Ice Magic


You had 11 spell levels left.
You knew the following spells:

 Your Spells              Type           Power        Failure   Level  Hunger
a - Freeze                Ice            ####         1%          1    None
b - Frozen Ramparts       Ice            #####.       2%          3    #......

Your spell library contained the following spells:

 Spells                   Type           Power        Failure   Level  Hunger
 Ozocubu's Armour         Chrm/Ice       ###.....     7%          3    #......
 Hailstorm                Conj/Ice       ###.....     22%         4    ###....
 Summon Ice Beast         Ice/Summ       ###.....     22%         4    ###....


Dungeon Overview and Level Annotations

Branches:
Dungeon (6/15)             Temple (0/1) D:5


Innate Abilities, Weirdness & Mutations

You have an increased reservoir of magic. (+10% MP)


Message History

The ice beast is moderately wounded.
The ice beast barely misses you.
You barely miss the ice beast.
The ice beast is moderately wounded.
The ice beast hits you. The ice beast freezes you. You resist.
You hit the ice beast.
The ice beast is moderately wounded.
The ice beast barely misses you.
You barely miss the ice beast.
The ice beast is moderately wounded.
The ice beast hits you.
* * * LOW HITPOINT WARNING * * *
The ice beast freezes you. You resist.
* * * LOW HITPOINT WARNING * * *
You barely miss the ice beast.
The ice beast is moderately wounded.
The ice beast hits you.
* * * LOW HITPOINT WARNING * * *
The ice beast freezes you. You resist.
You die...

##..#...##....#
.......<......#
.###.####.....#
# ##....## .#
#.....#..#
##........
#........
#.######........
......Y@........
..######........
..#......
..##..... ..##
#.... .. ....
..# ...


You could see an ice beast.

Vanquished Creatures
  A sky beast (D:5)
  A bullfrog (D:5)
  A crimson imp (D:5)
  2 orc wizards
  2 orc priests
  A centaur skeleton (D:4)
  A worker ant (D:5)
  6 adders
  An ooze (D:2)
  2 worms
  A dart slug (D:1)
  3 leopard geckos
  8 orcs
  5 giant cockroaches
  8 goblins
  8 hobgoblins
  4 jackals (D:1)
  4 kobolds
  2 quokkas
  3 ball pythons
  8 bats
  6 frilled lizards
  A quokka skeleton (D:4)
  7 rats
86 creatures vanquished.

Notes
Turn   | Place    | Note
-------+----------+-------------------------------------------
     0 | D:1      | Gynju the Demigod Ice Elementalist began the quest for the
                  | Orb.
     0 | D:1      | Reached XP level 1. HP: 14/14 MP: 5/5
   476 | D:1      | Reached XP level 2. HP: 20/20 MP: 4/7
  1422 | D:2      | Reached XP level 3. HP: 20/26 MP: 5/9
  1975 | D:2      | Learned a level 3 spell: Frozen Ramparts
  2441 | D:3      | Reached XP level 4. HP: 19/33 MP: 7/11
  3255 | D:4      | Noticed a phantom
  3943 | D:5      | Entered Level 5 of the Dungeon
  3962 | D:4      | Reached XP level 5. HP: 19/38 MP: 13/13
  4096 | D:5      | Found a staircase to the Ecumenical Temple.
  4138 | D:5      | Noticed a sky beast
  4139 | D:5      | Reached skill level 5 in Ice Magic
  4536 | D:5      | Reached XP level 6. HP: 24/45 MP: 11/15
  4853 | D:5      | Reached skill level 5 in Spellcasting
  5378 | D:5      | Reached skill level 1 in Fighting
  5760 | D:6      | Slain by an ice beast

Illustrated notes

Levels and vault maps discovered:
D:1:      minmay_arrival_four_loops, layout_loops_ring
D:2:      layout_basic, first_ration
D:3:      layout_loops_ring
D:4:      layout_basic, grunt_decor_mini_mirrors
D:5:      layout_basic, temple_pool_b, minmay_chambers_of_fives
D:6:      layout_layer_cave, feat_on_display, uniq_menkaure, uniq_eustachio

Skill      XL: |  1  2  3  4  5  6 |
---------------+-------------------+-----
Stealth        | 2 |  2.4
Dodging        | 2 |  2.3
Spellcasting   | 2 3 4 5 |  5.0
Ice Magic      | 4 5 |  5.0
Fighting       | 1 |  1.0

Action                   |  1- 3 |  4- 6 || total
-------------------------+-------+-------++-------
Melee: Unarmed           |    23 |       ||    23
       Short sword       |    67 |    71 ||   138
       Rapier            |    44 |    12 ||    56
Throw: Stone             |       |     1 ||     1
 Cast: Freeze            |    25 |    20 ||    45
       Frozen Ramparts   |       |    11 ||    11
 Stab: Sleeping          |     9 |     2 ||    11
  Eat: Chunk             |     5 |    10 ||    15
Armor: Robe              |     7 |    19 ||    26
       Leather armour    |    24 |       ||    24
Dodge: Dodged            |    97 |    48 ||   145
